 Dungeon Crawl Stone Soup version 0.23.2-30-g0e89c35649 (webtiles) character file.

Game seed: 350379052668819139

16367 DildoBatman the Blocker (level 12, -6/86 HPs)
             Began as a Formicid Wizard on June 16, 2019.
             Was a High Priest of Kikubaaqudgha.
             Hit by a javelin thrown by a minotaur (27 damage)
             ... on level 11 of the Dungeon on June 17, 2019.
             The game lasted 00:56:52 (11343 turns).

DildoBatman the Blocker (Formicid Wizard)          Turns: 11343, Time: 00:56:53

Health: -6/86      AC: 10    Str: 13    XL:     12   Next: 69%
Magic:  23/23      EV: 14    Int: 22    God:    Kikubaaqudgha [*****.]
Gold:   602        SH: 10    Dex: 11    Spells: 6/23 levels left

rFire    . . .     SeeInvis +   a - +9 spear (flame)
rCold    . . .     Gourm    .   B - +0 shield
rNeg     . . .     Faith    .   w - +2 troll leather armour
rPois    .         Spirit   .   (helmet unavailable)
rElec    .         Reflect  .   p - +0 cloak
rCorr    .         Harm     .   M - +0 pair of gloves
MR       +....                  k - +0 pair of boots
Stlth    +++.......             (no amulet)
HPRegen  0.64/turn              i - +2 ring of protection
MPRegen  0.18/turn              A - +2 ring of evasion

@: no status effects
A: permanent stasis, dig shafts and tunnels, four strong arms, antennae 3,
hooves 1, agile 1, deformed body, high mp 1
a: Dig, Shaft Self, Receive Corpses, Torment, Renounce Religion


You were on level 11 of the Dungeon.
You worshipped Kikubaaqudgha.
Kikubaaqudgha was extremely pleased with you.
You were not hungry.

You visited 2 branches of the dungeon, and saw 12 of its levels.
You also visited: Ossuary.

You collected 602 gold pieces.

Inventory:

Hand Weapons
 a - a +9 spear of flaming (weapon)
 c - a +0 shortbow
 d - a +2 scimitar of flaming
 e - a +1 arbalest of velocity
Missiles
 g - 4 throwing nets (quivered)
 n - 138 arrows
 t - 92 sling bullets
 L - 175 bolts
Armour
 k - a +0 pair of boots (worn)
 p - a +0 cloak (worn)
 w - a +2 troll leather armour (worn)
 B - a +0 shield (worn)
 M - a +0 pair of gloves (worn)
Magical Staves
 b - an uncursed staff of poison
Jewellery
 i - a +2 ring of protection (left hand)
 j - an uncursed ring of fire
 y - an uncursed ring of protection from magic
 A - a +2 ring of evasion (right hand)
 H - a +2 ring of intelligence
Wands
 D - a wand of paralysis (5)
 E - a wand of flame (12)
 G - a wand of disintegration (11)
 I - a wand of iceblast (12)
Scrolls
 f - a scroll of enchant weapon
 h - 2 scrolls of amnesia
 q - a scroll of fog {unknown}
 x - 5 scrolls of remove curse
 z - 10 scrolls of identify
 C - 5 scrolls of magic mapping
Potions
 l - a potion of ambrosia {unknown}
 m - 4 potions of heal wounds
 o - 3 potions of might
 K - 2 potions of flight
 P - 2 potions of brilliance
Miscellaneous
 u - a phantom mirror
Comestibles
 r - a chunk of flesh
 v - 21 rations


   Skills:
 - Level 5.0 Fighting
   Level 0.2 Maces & Flails
 - Level 6.0 Polearms
 - Level 5.0 Armour
 - Level 3.1 Dodging
 - Level 6.0 Stealth
 - Level 9.1 Shields
 - Level 6.0 Spellcasting
 - Level 6.0 Conjurations
   Level 1.0 Summonings
 * Level 6.6 Necromancy
   Level 0.8 Translocations
 - Level 4.1 Fire Magic
 - Level 4.0 Air Magic
 - Level 8.1 Poison Magic
 - Level 6.2 Evocations


You had 6 spell levels left.
You knew the following spells:

 Your Spells              Type           Power        Failure   Level  Hunger
a - Conjure Flame         Conj/Fire      ####....     4%          3    #......
c - Magic Dart            Conj           ####         1%          1    None
d - Vampiric Draining     Necr           #####.....   2%          3    #......
e - Mephitic Cloud        Conj/Pois/Air  ####....     2%          3    #......
h - Dispel Undead         Necr           #####...     21%         5    #####..
z - Sublimation of Blood  Necr           #####.....   1%          2    None

Your spell library contained the following spells:

 Spells                   Type           Power        Failure   Level  Hunger
 Animate Skeleton         Necr           N/A          1%          1    None
 Pain                     Necr           ####         1%          1    None
 Animate Dead             Necr           N/A          8%          4    ###....
 Call Imp                 Summ           ##......     11%         2    None
 Slow                     Hex            #.......     17%         2    None
 Agony                    Necr           #####...     21%         5    #####..
 Borgnjor's Vile Clutch   Necr/Erth      ###.......   63%         5    #####..
 Death Channel            Necr           #####.....   75%         6    ######.
 Blink                    Tloc           Unusable     N/A         2    N/A

Dungeon Overview and Level Annotations

Branches:
Dungeon (11/15)            Temple (1/1) D:4            Lair (0/6) D:10
    Orc (0/2) D:11

Altars:
Ashenzari
Cheibriados
Dithmenos
Elyvilon
Fedhas
Gozag
Hepliaklqana
Kikubaaqudgha
Makhleb
Nemelex Xobeh
Okawaru
Qazlal
Ru
Sif Muna
Trog
Uskayaw
Vehumet
Wu Jian
Xom
Yredelemnul
Zin
The Shining One

Shops:
D:4 [

Annotations:
D:8 2 transporters, hitsuchi's ghost, novice DrCj


Innate Abilities, Weirdness & Mutations

You cannot be hasted, slowed, berserked, paralysed or teleported.
You can dig through walls and to a lower floor.
Your four strong arms can wield two-handed weapons with a shield.
You have a pair of large antennae on your head. (SInv)
You have large cloven feet.
You are agile. (Dex +2)
Armour fits poorly on your strangely shaped body.
You have an increased reservoir of magic. (+10% MP)


Message History

You see here a javelin.
The minotaur throws a javelin.
The javelin hits you!!
You see here a javelin.
You extend your mandibles.
You dig through the rock wall.
You dig through the rock wall.
Okay, then.
You dig through the rock wall.
You dig through the rock wall.
You dig through the rock wall.
You retract your mandibles.
The minotaur throws a javelin.
The javelin completely misses you.
You see here a javelin.
Okay, then.
The minotaur throws a javelin.
The javelin hits you!!
You die...
Kikubaaqudgha rasps: "You have failed me!
Welcome... death!"

≈≈.≈....≈......#
≈≈≈.....≈......#
≈≈......≈......#
≈≈..#'#.≈≈.....#
≈.#.#..≈≈....# #
#...≈....#
#..H≈...(##
≈###...≈.....##
.≈.....≈≈....#@#
#.......≈.....#.#
#......≈≈.....#.#
#.....H≈.......##
#.....≈≈....(.##
#....H≈.......#
#.....≈...(...#
#.....≈..(....#
#.....≈.......#


You could see a minotaur.

Vanquished Creatures
  A hydra (D:11)
  Erica (D:9)
  2 two-headed ogres
  3 death yaks
  A tengu warrior (D:11)
  An ugly thing (D:11)
  A centaur zombie (D:11)
  A gargoyle (D:9)
  6 yaktaurs (D:11)
  A troll (D:11)
  3 hippogriffs
  A vampire (D:11)
  A wraith (Ossuary)
  A wyvern (D:11)
  Eustachio (D:3)
  13 yaks
  A hungry ghost (D:8)
  A porcupine (D:10)
  An eye of draining (D:7)
  An orc warrior (D:10)
  2 sky beasts (D:10)
  2 phantoms (D:6)
  4 ice beasts
  A necrophage (D:6)
  7 ogres
  2 wolves
  2 centaurs (D:9)
  A big kobold (D:11)
  2 elf zombies (Ossuary)
  5 bullfrogs
  3 gnoll sergeants
  2 wyvern skeletons
  5 scorpions
  9 killer bees
  2 howler monkeys (D:10)
  3 wights (D:7)
  2 electric eels (D:11)
  3 crimson imps
  2 bullfrog zombies
  2 centaur skeletons
  2 gnoll shamans (D:6)
  13 orc wizards
  7 orc priests
  Ijyb (D:4)
  5 hounds
  3 bullfrog skeletons
  2 hell rats (D:10)
  3 iguanas
  6 worker ants
  2 hound zombies
  3 mummies (Ossuary)
  34 gnolls
  8 adders
  A river rat (D:10)
  2 shadow imps
  An ooze (D:2)
  An adder skeleton (D:4)
  3 worms
  A dart slug (D:1)
  5 leopard geckos
  54 orcs
  2 ball pythons
  12 bats
  3 giant cockroaches
  A gnoll zombie (Ossuary)
  5 goblins
  11 hobgoblins
  13 jackals
  2 kobolds (D:1)
  8 quokkas
  5 frilled lizards
  3 goblin zombies (Ossuary)
  A hobgoblin zombie (Ossuary)
  A jackal skeleton (D:4)
  A jackal zombie (D:8)
  A kobold zombie (Ossuary)
  2 quokka skeletons
  7 rats
338 creatures vanquished.

Vanquished Creatures (others)
  5 toadstools (D:1)
5 creatures vanquished.

Grand Total: 343 creatures vanquished

Notes
Turn   | Place    | Note
-------+----------+-------------------------------------------
     0 | D:1      | DildoBatman the Formicid Wizard began the quest for the
                  | Orb.
     0 | D:1      | Reached XP level 1. HP: 13/13 MP: 4/4
    22 | D:1      | Reached skill level 1 in Conjurations
   200 | D:1      | Reached XP level 2. HP: 19/19 MP: 0/6
   433 | D:1      | Reached XP level 3. HP: 23/24 MP: 0/7
   438 | D:1      | Learned a level 3 spell: Conjure Flame
   442 | D:1      | Learned a level 3 spell: Mephitic Cloud
   964 | D:2      | Found a burning altar of Makhleb.
  1177 | D:2      | Reached XP level 4. HP: 10/30 MP: 1/8
  1182 | D:2      | You fall through a shaft for 2 floors!
  1676 | D:3      | Reached XP level 5. HP: 35/35 MP: 3/9
  2096 | D:3      | Reached skill level 5 in Conjurations
  2096 | D:3      | Reached XP level 6. HP: 17/41 MP: 3/10
  2578 | D:4      | Found a staircase to the Ecumenical Temple.
  2587 | Temple   | Entered the Ecumenical Temple
  2679 | Temple   | Became a worshipper of Kikubaaqudgha
  2721 | D:4      | Noticed Eustachio
  3078 | D:4      | You fall through a shaft!
  3078 | D:5      | Entered Level 5 of the Dungeon
  3222 | D:5      | Reached skill level 1 in Poison Magic
  3264 | D:5      | Reached skill level 1 in Fire Magic
  3264 | D:5      | Reached skill level 1 in Air Magic
  3264 | D:5      | Reached XP level 7. HP: 46/46 MP: 5/11
  3447 | D:4      | Noticed Ijyb
  3481 | D:4      | Killed Ijyb
  3598 | D:4      | Found Ajouf's Armour Emporium.
  4494 | D:3      | Killed Eustachio
  4612 | D:6      | Reached XP level 8. HP: 51/52 MP: 4/12
  4793 | D:6      | Reached * piety under Kikubaaqudgha
  4793 | D:6      | Identified Kikubaaqudgha's Almanac of Necromancy
                  | (Kikubaaqudgha gifted it to you on level 6 of the Dungeon)
  4793 | D:6      | Received a gift from Kikubaaqudgha
  5001 | D:6      | Reached skill level 5 in Poison Magic
  5647 | D:6      | Learned a level 3 spell: Vampiric Draining
  5801 | D:6      | Reached XP level 9. HP: 52/57 MP: 7/14
  5893 | D:6      | Reached skill level 1 in Polearms
  6526 | D:7      | Reached ** piety under Kikubaaqudgha
  6556 | D:7      | Noticed a hippogriff
  6593 | D:7      | Killed a hippogriff
  6777 | D:7      | Reached skill level 5 in Spellcasting
  7055 | D:7      | Reached XP level 10. HP: 47/63 MP: 9/17
  7086 | D:7      | Reached skill level 5 in Polearms
  7351 | D:8      | Reached skill level 1 in Shields
  7377 | D:8      | Reached skill level 2 in Shields
  7387 | D:8      | Found a transporter.
  7392 | D:8      | Found a bloodstained altar of Trog.
  7392 | D:8      | Noticed hitsuchi's ghost (novice DrCj)
  7397 | D:8      | Found a transporter.
  7414 | D:8      | Noticed a moth of wrath
  7435 | D:8      | Found a sand-covered staircase.
  7476 | D:8      | Noticed a two-headed ogre
  7511 | Ossuary  | Entered an ossuary
  7588 | Ossuary  | Reached skill level 3 in Shields
  7893 | Ossuary  | Reached skill level 4 in Shields
  8031 | Ossuary  | Gained mutation: Your mind is acute. (Int +2) [potion of
                  | mutation]
  8031 | Ossuary  | Gained mutation: Scrolls take you a little longer to read.
                  | [potion of mutation]
  8031 | Ossuary  | Gained mutation: Your spells are a little harder to cast,
                  | but a little more powerful. [potion of mutation]
  8077 | D:8      | Killed a two-headed ogre
  8077 | D:8      | Reached skill level 6 in Shields
  8407 | D:9      | Reached *** piety under Kikubaaqudgha
  8407 | D:9      | Identified Kikubaaqudgha's Guide on Sinister Rites
                  | (Kikubaaqudgha gifted it to you on level 9 of the Dungeon)
  8407 | D:9      | Received a gift from Kikubaaqudgha
  8456 | D:9      | Reached skill level 7 in Shields
  8560 | D:9      | Noticed a gargoyle
  8643 | D:9      | Killed a gargoyle
  8667 | D:9      | Reached skill level 8 in Shields
  8689 | D:9      | Reached skill level 9 in Shields
  8697 | D:9      | Reached XP level 11. HP: 58/68 MP: 6/18
  8842 | D:9      | Reached skill level 1 in Evocations
  8864 | D:9      | Reached skill level 1 in Fighting
  8864 | D:9      | Reached skill level 1 in Armour
  8864 | D:9      | Reached skill level 1 in Necromancy
  9004 | D:9      | Noticed Erica
  9019 | D:9      | Killed Erica
  9193 | D:9      | Lost mutation: Scrolls take you a little longer to read.
                  | [potion of mutation]
  9193 | D:9      | Lost mutation: Your mind is acute. (Int +2) [potion of
                  | mutation]
  9193 | D:9      | Lost mutation: Your spells are a little harder to cast, but
                  | a little more powerful. [potion of mutation]
  9193 | D:9      | Gained mutation: Your body sometimes deteriorates upon
                  | taking damage. [potion of mutation]
  9193 | D:9      | Gained mutation: You are clumsy. (Dex -2) [potion of
                  | mutation]
  9193 | D:9      | Gained mutation: You are resistant to electric shocks.
                  | (rElec) [potion of mutation]
  9194 | D:9      | Lost mutation: You are clumsy. (Dex -2) [potion of
                  | mutation]
  9194 | D:9      | Lost mutation: You are resistant to electric shocks.
                  | (rElec) [potion of mutation]
  9194 | D:9      | Lost mutation: Your body sometimes deteriorates upon taking
                  | damage. [potion of mutation]
  9194 | D:9      | Gained mutation: You are agile. (Dex +2) [potion of
                  | mutation]
  9194 | D:9      | Gained mutation: You have an increased reservoir of magic.
                  | (+10% MP) [potion of mutation]
  9194 | D:9      | Gained mutation: Armour fits poorly on your strangely
                  | shaped body. [potion of mutation]
  9194 | D:9      | Gained mutation: You have large cloven feet. [potion of
                  | mutation]
  9209 | D:10     | Entered Level 10 of the Dungeon
  9240 | D:10     | Noticed a death yak
  9241 | D:10     | Noticed a death yak
  9264 | D:10     | Reached **** piety under Kikubaaqudgha
  9289 | D:9      | Killed a death yak
  9298 | D:10     | Noticed a death yak
  9766 | D:10     | Found a staircase to the Lair.
  9956 | D:9      | Killed a death yak
  9956 | D:9      | Reached skill level 5 in Stealth
 10210 | D:10     | Killed a death yak
 10210 | D:10     | Reached XP level 12. HP: 49/83 MP: 13/23
 10403 | D:10     | Learned a level 5 spell: Dispel Undead
 10406 | D:10     | Learned a level 2 spell: Sublimation of Blood
 10564 | D:11     | Noticed a tengu warrior
 10564 | D:11     | Noticed a two-headed ogre
 10570 | D:11     | Killed a two-headed ogre
 10595 | D:11     | Killed a tengu warrior
 10638 | D:11     | Found a staircase to the Orcish Mines.
 10756 | D:11     | Reached skill level 5 in Armour
 10765 | D:11     | Reached skill level 5 in Fighting
 10765 | D:11     | Reached skill level 5 in Evocations
 10773 | D:11     | Reached ***** piety under Kikubaaqudgha
 10796 | D:11     | Reached skill level 5 in Necromancy
 10960 | D:11     | Noticed an eight-headed hydra
 10988 | D:11     | Killed a six-headed hydra
 11320 | D:11     | Noticed a minotaur
 11343 | D:11     | Hit by a javelin thrown by a minotaur

Skill      XL: |  1  2  3  4  5  6  7  8  9 10 11 12 |
---------------+-------------------------------------+-----
Conjurations   | 1 2 3 4 5 6 |  6.0
Poison Magic   | 1 3 6 8 |  8.1
Fire Magic     | 1 2 4 |  4.1
Air Magic      | 1 2 3 4 |  4.0
Polearms       | 4 6 |  6.0
Spellcasting   | 5 6 |  6.0
Shields        | 9 |  9.1
Dodging        | 3 |  3.1
Evocations     | 4 6 |  6.2
Fighting       | 4 5 |  5.0
Armour         | 4 5 |  5.0
Necromancy     | 3 6 |  6.6
Stealth        | 5 6 |  6.0
Maces & Flails | |  0.2
Summonings     | |  1.0
Translocations | |  0.8

Action                   |  1- 3 |  4- 6 |  7- 9 | 10-12 || total
-------------------------+-------+-------+-------+-------++-------
Melee: Club              |    10 |       |       |       ||    10
       Mace              |    45 |       |       |       ||    45
       Flail             |       |    44 |   150 |       ||   194
       Dagger            |       |       |     3 |       ||     3
       Spear             |       |       |    82 |   561 ||   643
       Whip              |       |       |     3 |       ||     3
       Scimitar          |       |       |       |     2 ||     2
Throw: Javelin           |       |       |       |     6 ||     6
 Cast: Magic Dart        |    72 |    97 |   128 |   100 ||   397
       Mephitic Cloud    |       |     7 |    43 |    54 ||   104
       Conjure Flame     |       |     1 |     6 |    49 ||    56
       Vampiric Draining |       |       |       |     6 ||     6
       Dispel Undead     |       |       |       |     2 ||     2
 Abil: Dig               |     1 |     8 |    13 |    16 ||    38
       Shaft Self        |       |     1 |       |       ||     1
Evoke: Wand              |       |       |     3 |     3 ||     6
  Use: Potion            |       |       |     2 |     3 ||     5
       Scroll            |       |       |       |    16 ||    16
 Stab: Sleeping          |     1 |       |     3 |     1 ||     5
       Confused          |       |     2 |    11 |    25 ||    38
       Paralysed         |       |       |       |     8 ||     8
       Distracted        |       |       |       |     1 ||     1
  Eat: Chunk             |     1 |     8 |    18 |    16 ||    43
       Ration            |       |       |       |     1 ||     1
Armor: Robe              |    33 |    10 |    29 |    24 ||    96
       Troll leather arm |       |       |       |     4 ||     4
Dodge: Dodged            |    75 |    33 |   130 |   128 ||   366
Block: Shield            |       |       |       |    90 ||    90
